 Dungeon Crawl Stone Soup version 0.31-a0-229-g1fc7ce93e2 (webtiles) character file.

Game seed: 15460408402976434888

27 qw the Shooter (level 2, 0/24 HPs)
             Began as a Minotaur Hexslinger on July 6, 2023.
             Succumbed to an adder's poison
             ... on level 2 of the Dungeon.
             The game lasted 00:00:23 (1037 turns).

qw the Shooter (Minotaur Hexslinger)                Turns: 1037, Time: 00:00:23

Health: 0/24       AC:  3    Str: 12    XL:     2   Next: 93%
Magic:  2/2        EV: 11    Int: 10    God:
Gold:   34         SH:  0    Dex: 12    Spells: 2/3 levels left

rFire   . . .        Y - +1 sling
rCold   . . .        (no shield)
rNeg    . . .        f - +0 leather armour
rPois   +            (helmet restricted)
rElec   .            (no cloak)
rCorr   .            (no gloves)
SInv    .            (no boots)
Will    .....        (no amulet)
Stlth   +            j - ring of poison resistance
HPRegen 0.24/turn    (no ring)
MPRegen 0.08/turn

%: no passive effects
@: lethally poisoned (0 -> -1)
A: horns 2, retaliatory headbutt
a: no special abilities


You were on level 2 of the Dungeon.
You visited 1 branch of the dungeon, and saw 2 of its levels.

You collected 34 gold pieces.


Innate Abilities, Weirdness & Mutations

You have a pair of horns on your head.
You reflexively headbutt those who attack you in melee.


   Skills:
 - Level 2.0 Fighting
 + Level 3.5 Ranged Weapons
 - Level 2.1 Dodging
 - Level 1.0 Spellcasting
 - Level 2.0 Hexes


You had 2 spell levels left.
You knew the following spells:

 Your Spells              Type           Power      Damage    Failure   Level
a - Slow                  Hex            16%        N/A       19%         1

Your spell library contained the following spells:

 Spells                   Type           Power      Damage    Failure   Level
 Inner Flame              Hex/Fire       2%         N/A       65%         3
 Portal Projectile        Hex/Tloc       4%         N/A       65%         3
 Cause Fear               Hex            2%         N/A       88%         4

Inventory:

Hand Weapons
 Y - a +1 sling (weapon)
Armour
 f - a +0 leather armour (worn)
Jewellery
 j - a ring of poison resistance (left hand)
Scrolls
 g - 2 scrolls of identify
Potions
 d - a potion of curing {unknown}
 i - a potion of heal wounds {unknown}

Dungeon Overview and Level Annotations

Branches:
Dungeon (2/15)

Altars:

Shops:
D:1 =


Message History

The adder bites you.
You shoot a sling bullet.
The sling bullet closely misses the adder.
The adder closely misses you. The adder bites you.
You shoot a sling bullet.
The sling bullet barely misses the adder.
The adder bites you.
You are poisoned.
The adder poisons you! The adder bites you.
You shoot a sling bullet.
The sling bullet barely misses the adder.
You feel sick. The adder bites you.
You shoot a sling bullet.
The sling bullet closely misses the adder.
You feel sick. The adder bites you. x2
You are lethally poisoned!
The adder poisons you!
You shoot a sling bullet. The sling bullet misses the adder.
You feel very sick. The adder barely misses you.
1033 ||| READING scroll of teleportation.
As you read the scroll of teleportation, it crumbles to dust.
You feel strangely unstable.
You feel sick. The adder closely misses you. x2
You shoot a sling bullet. The sling bullet misses the adder.
You feel sick. The adder closely misses you.
You shoot a sling bullet.
The sling bullet barely misses the adder.
You feel sick. The adder barely misses you. The adder closely misses you.
You shoot a sling bullet. The sling bullet misses the adder.
Your surroundings suddenly seem different.
A worm and a goblin come into view.
Found a spear and a leather armour.
Found a stone staircase leading down.
You feel sick.
The goblin shouts!
Enter note:
Enter note: You shoot a sling bullet.
The sling bullet closely misses the goblin.
You die...

...##
#####.....
.....
#...w....
.....
#........ #
.....
##.......###.
.....
#.......>...
.....
#.........#
.....
#........#
.....
#..)...@.#
..##
#.....g..#
....
#........#
..#
#......... .
###........
#........#
#.......[. .
#........##
..


You could see a worm and a goblin.

Vanquished Creatures
  A worm (D:1)
  2 endoplasms
  2 giant cockroaches (D:1)
  2 goblins
  3 hobgoblins (D:1)
  2 kobolds (D:1)
  3 ball pythons (D:1)
  4 bats (D:1)
  A frilled lizard (D:1)
  2 rats
22 creatures vanquished.

Notes
Turn   | Place    | Note
-------+----------+-------------------------------------------
     0 | D:1      | qw the Minotaur Hexslinger began the quest for the Orb.
     0 | D:1      | Reached XP level 1. HP: 16/16 MP: 1/1
     0 | D:1      | 0 ||| qw: Version: 0.3-a-46-gb1f654a
     0 | D:1      | 0 ||| qw: Game counter: 1225
     0 | D:1      | 0 ||| qw: Melee chars always use a shield: true
     0 | D:1      | 0 ||| qw: God list: Okawaru
     0 | D:1      | 0 ||| qw: Allow faded altars: false
     0 | D:1      | 0 ||| qw: Do Orc after clearing Dungeon:15 true
     0 | D:1      | 0 ||| qw: Do second Lair branch before Depths: true
     0 | D:1      | 0 ||| qw: Lair rune preference: random
     0 | D:1      | 0 ||| qw: Goals: Normal
     0 | D:1      | 0 ||| PLANNING D:1-11
     8 | D:1      | Found a faded altar of an unknown god.
   146 | D:1      | Reached skill level 3 in Ranged Weapons
   149 | D:1      | Reached XP level 2. HP: 14/23 MP: 2/2
   602 | D:1      | Found Lezagg's Jewellery Shop.
   610 | D:1      | 610 ||| SHOPLISTING +4 ring of protection (504 gold, have
                  | 34).
   610 | D:1      | 610 ||| SHOPLISTING +6 ring of dexterity (504 gold, have
                  | 34).
   610 | D:1      | 610 ||| SHOPLISTING +6 ring of strength (504 gold, have
                  | 34).
   610 | D:1      | 610 ||| SHOPLISTING amulet of the acrobat (420 gold, have
                  | 34).
   610 | D:1      | 610 ||| SHOPLISTING ring of fire (350 gold, have 34).
   610 | D:1      | 610 ||| SHOPLISTING ring of poison resistance (280 gold,
                  | have 34).
   610 | D:1      | 610 ||| SHOPLISTING ring of positive energy (280 gold, have
                  | 34).
   610 | D:1      | 610 ||| SHOPLISTING ring of protection from cold (350 gold,
                  | have 34).
   610 | D:1      | 610 ||| SHOPLISTING ring of willpower (350 gold, have 34).
   872 | D:1      | 872 ||| UPGRADING to +0 leather armour.
   882 | D:1      | 882 ||| DROPPING +0 robe.
   883 | D:1      | 883 ||| UPGRADING to ring of poison resistance.
   884 | D:1      | 884 ||| READING 2 scrolls labelled MOUTAH FENO.
   885 | D:1      | 885 ||| READING 2 scrolls labelled ZERGHE GETOAKH.
   886 | D:1      | 886 ||| READING 2 scrolls labelled ORE VETEAGGOG.
   889 | D:1      | 889 ||| DROPPING scroll of immolation.
   890 | D:1      | 890 ||| DROPPING scroll of poison.
   965 | D:2      | 965 ||| STAIRDANCE
  1032 | D:2      | HP: 5/24 [poisoned by an adder]
  1033 | D:2      | 1033 ||| READING scroll of teleportation.
  1035 | D:2      | HP: 2/24 [poisoned by an adder]
  1037 | D:2      | Succumbed to an adder's poison

Levels and vault maps discovered:
D:1:      tarquinn_simple_flora_water_e, layout_basic,
          ebering_ecumenical_altar_webs, serial_shops, shop,
          kennysheep_nondescript
D:2:      layout_rooms

Skill      XL: |  1  2 |
---------------+-------+-----
Ranged Weapons | 3 |  3.5
Fighting       | 2 |  2.0
Dodging        | |  2.1
Spellcasting   | |  1.0
Hexes          | |  2.0

Action                     || total
---------------------------++-------
   Fire: Sling             ||    84
    Use: Scroll            ||     4
 Armour: Robe              ||     6
         Leather armour    ||     2
  Dodge: Dodged            ||    28

Table legend:
 A = Non-vault XP
 B = Vault XP
 C = Vault XP percentage of total XP
 D = Non-vault monster count
 E = Vault monster count
 F = Vault count percentage of total count
                 A         B        C        D         E       F
            +---------+---------+-------+---------+---------+-------
      Total |      39 |       0 |   0.0 |      22 |       0 |   0.0
            +---------+---------+-------+---------+---------+-------
        D:1 |      34 |       0 |   0.0 |      19 |       0 |   0.0
        D:2 |       5 |       0 |   0.0 |       3 |       0 |   0.0
            +---------+---------+-------+---------+---------+-------
